 Dungeon Crawl Stone Soup version 0.17-a0-1997-ga88ed7d (webtiles) character file.

3541 Mordenkainen the Destroyer (level 9, -3/45 HPs)
             Began as a Deep Elf Wizard on Oct 8, 2015.
             Was a Follower of Vehumet.
             Slain by a slime creature (14 damage)
             ... on level 8 of the Dungeon.
             The game lasted 00:39:54 (6806 turns).

Mordenkainen the Destroyer (Deep Elf Wizard)        Turns: 6806, Time: 00:39:55

Health: -3/45      AC:  3    Str:  4    XL:     9   Next: 82%
Magic:  14/23      EV: 12    Int: 29    God:    Vehumet [*.....]
Gold:   343        SH:  0    Dex: 13    Spells: 5 memorised, 14 levels left

rFire  . . .     SeeInvis .     S - +1 halberd (freeze) (curse)
rCold  + . .     Clarity  .     a - +0 robe
rNeg   . . .     SustAt   .     (no shield)
rPois  .         Gourm    .     b - +0 hat
rElec  .         Spirit   .     p - +0 cloak
rCorr  .         Warding  .     (no gloves)
rMut   .         Stasis   .     (no boots)
MR     .....                    (no amulet)
Stlth  +.........               k - ring of protection from cold
                                j - +2 ring of intelligence

@: confused, repel missiles, not resistant to hostile enchantments, very
unstealthy
A: no striking features
a: Renounce Religion


You were on level 8 of the Dungeon.
You worshipped Vehumet.
Vehumet was aware of your devotion.
You were hungry.

You visited 2 branches of the dungeon, and saw 9 of its levels.

You collected 343 gold pieces.

Inventory:

Hand Weapons
 F - a +0 spear of venom
 S - a cursed +1 halberd of freezing (weapon)
Armour
 a - a +0 robe (worn)
 b - a +0 hat (worn)
 p - a +0 cloak (worn)
Jewellery
 j - a +2 ring of intelligence (left hand)
 k - a ring of protection from cold (right hand)
 t - an uncursed amulet of regeneration
Wands
 w - a wand of random effects (12)
 z - a wand of flame (15)
 E - a wand of teleportation (4)
 K - a wand of enslavement (1)
 R - a wand of polymorph (15)
Scrolls
 f - 4 scrolls of enchant weapon
 i - a scroll of immolation {unknown}
 m - 2 scrolls of fear {unknown}
 r - 6 scrolls of teleportation
 s - 2 scrolls of remove curse
 y - a scroll of magic mapping {unknown}
 D - 2 scrolls of random uselessness {unknown}
 G - 2 scrolls of enchant armour {unknown}
 M - a scroll of noise {unknown}
 N - a scroll of fog {unknown}
 P - a scroll of blinking {unknown}
 Q - a scroll of amnesia {unknown}
Potions
 e - 2 potions of heal wounds
 g - 4 potions of might
 o - a potion of degeneration {unknown}
 u - a potion of mutation {unknown}
 v - 3 potions of curing
 A - a potion of magic {unknown}
 B - a potion of brilliance {unknown}
 C - 2 potions of agility
 H - a potion of flight {unknown}
 I - 2 potions of poison {unknown}
 L - a potion of haste {unknown}
Books
 c - a book of Minor Magic

   Spells                             Type                      Level
   a - Magic Dart                     Conjuration                  1
   b - Blink                          Translocation                2
   c - Call Imp                       Summoning                    2
   d - Repel Missiles                 Charms/Air                   2
   e - Slow                           Hexes                        2
   f - Conjure Flame                  Conjuration/Fire             3
   g - Mephitic Cloud                 Conjuration/Poison/Air       3
Comestibles
 d - 8 bread rations
 h - a royal jelly
 l - 2 slices of pizza
 n - 2 meat rations
 q - 2 beef jerkies
 x - 9 fruits


   Skills:
 - Level 2.4 Dodging
 - Level 2.4 Stealth
 + Level 8.9 Spellcasting
 * Level 10.4 Conjurations
 - Level 3.0 Charms
   Level 1.1 Summonings
 - Level 3.1 Translocations
 - Level 5.0 Fire Magic
 - Level 5.0 Air Magic
 - Level 3.0 Poison Magic


You had 14 spell levels left.
You knew the following spells:

 Your Spells              Type           Power        Failure   Level  Hunger
a - Magic Dart            Conj           ####         1%          1    None
b - Blink                 Tloc           N/A          1%          2    None
c - Repel Missiles        Chrm/Air       #####.       1%          2    None
e - Conjure Flame         Conj/Fire      ######..     1%          3    None
h - Mephitic Cloud        Conj/Pois/Air  #####...     1%          3    None


Dungeon Overview and Level Annotations

Branches:
Dungeon (8/15)             Temple (1/1) D:7
   Lair: D:8-11

Altars:
Ashenzari
Dithmenos
Fedhas
Gozag
Makhleb
Okawaru
Qazlal
Ru
Sif Muna
Trog
Vehumet
Xom
Yredelemnul
The Shining One


Message History

The killer bee misses you.
The killer bee is engulfed in noxious fumes.
Drink which item? (? for menu, Esc to quit)
You feel better.
You are engulfed in noxious fumes.
You choke on the stench!
You are confused.
The killer bee is engulfed in noxious fumes.
The killer bee appears confused.
The killer bee stings the killer bee!
The killer bee is poisoned.
The killer bee poisons the killer bee!
The killer bee completely misses the killer bee.
The slime creature hits you!
* * * LOW HITPOINT WARNING * * *
Drink which item? (? for menu, Esc to quit)
Okay, then.
You are engulfed in noxious fumes.
* * * LOW HITPOINT WARNING * * *
The killer bee dies!
Vehumet accepts your kill.
The killer bee is engulfed in noxious fumes.
The killer bee appears confused.
The slime creature hits you!
You die...

##############
#............##
##.......#####.#
#..####### ###..
##.## ##....
##y## #...).
##§.# #.....
#.@## #.....
##J## #.....
#####.## ###...
##.....## ##
...##
.§§≈≈≈##..###.##
#..#
≈§§.≈≈≈#.......#
#..
≈≈≈..≈≈........#
≈.≈§§.≈........#
§..§≈.≈...§py.##


You could see a slime creature and a killer bee (confused).

Vanquished Creatures
  Joseph (D:7)
  A spriggan (D:7)
  A hungry ghost (D:7)
  A golden eye (D:7)
  2 sky beasts (D:8)
  4 necrophages (D:7)
  2 orc warriors
  An ice beast (D:7)
  An ogre (D:7)
  A centaur (D:7)
  3 phantoms
  A big kobold (D:7)
  3 giant frogs
  A scorpion (D:5)
  A wight (D:7)
  3 orc priests
  A quasit (D:7)
  A centaur zombie (D:7)
  A giant frog zombie (D:7)
  Ijyb (D:3)
  13 orc wizards
  5 worker ants
  2 centaur skeletons (D:5)
  A giant frog skeleton (D:4)
  4 hounds
  2 iguanas
  A worker ant zombie (D:7)
  8 adders
  A gnoll (D:1)
  2 oozes
  2 adder zombies
  3 worms
  6 giant geckos
  32 orcs
  8 bats
  8 giant cockroaches
  7 hobgoblins
  4 jackals (D:3)
  13 kobolds
  3 quokkas
  2 giant gecko zombies
  A giant newt (D:1)
  5 goblins
  4 rats
  A bush (D:7)
169 creatures vanquished.

Vanquished Creatures (collateral kills)
  2 killer bees (D:8)
  2 wights (D:7)
4 creatures vanquished.

Vanquished Creatures (others)
  A crocodile (D:8)
  2 giant frogs (D:8)
  A gnoll sergeant (D:8)
  A wight (D:7)
  A quasit (D:8)
  A bat (D:1)
  9 plants (D:7)
16 creatures vanquished.

Grand Total: 189 creatures vanquished

Notes
Turn   | Place    | Note
--------------------------------------------------------------
     0 | D:1      | Mordenkainen the Deep Elf Wizard began the quest for the Orb.
     0 | D:1      | Reached XP level 1. HP: 10/10 MP: 7/7
   130 | D:1      | Reached XP level 2. HP: 4/15 MP: 1/9
   378 | D:1      | Reached XP level 3. HP: 19/19 MP: 1/10
   777 | D:2      | Noticed Ijyb
  1079 | D:2      | Reached XP level 4. HP: 24/24 MP: 3/12
  1247 | D:2      | Learned a level 2 spell: Blink
  1250 | D:2      | Learned a level 2 spell: Repel Missiles
  1254 | D:2      | Learned a level 3 spell: Mephitic Cloud
  1258 | D:2      | Learned a level 3 spell: Conjure Flame
  1588 | D:3      | Killed Ijyb
  1588 | D:3      | Reached skill level 5 in Conjurations
  1840 | D:3      | Reached XP level 5. HP: 10/28 MP: 1/13
  2317 | D:4      | Reached skill level 1 in Charms
  2317 | D:4      | Reached skill level 1 in Air Magic
  2375 | D:4      | Reached skill level 1 in Poison Magic
  2400 | D:4      | Reached XP level 6. HP: 22/32 MP: 3/15
  2612 | D:4      | Found an opulent altar of Gozag.
  2721 | D:4      | Noticed a phantom
  2736 | D:4      | Killed a phantom
  2736 | D:4      | Reached skill level 1 in Fire Magic
  2931 | D:5      | Entered Level 5 of the Dungeon
  2983 | D:4      | Reached skill level 5 in Spellcasting
  3038 | D:3      | Found a shadowy altar of Dithmenos.
  3361 | D:4      | Reached XP level 7. HP: 34/36 MP: 1/16
  3931 | D:6      | Reached skill level 6 in Conjurations
  4321 | D:6      | Found a shattered altar of Ashenzari.
  4354 | D:6      | Found a basalt altar of Yredelemnul.
  4504 | D:7      | Reached XP level 8. HP: 37/41 MP: 11/18
  4651 | D:7      | Reached skill level 7 in Conjurations
  4669 | D:6      | Found a blossoming altar of Fedhas.
  4669 | D:6      | Found a sacrificial altar of Ru.
  4710 | D:7      | Found a blossoming altar of Fedhas.
  4823 | D:7      | Found a staircase to the Ecumenical Temple.
  4839 | Temple   | Entered the Ecumenical Temple
  4859 | Temple   | Became a worshipper of Vehumet
  5333 | D:7      | Reached skill level 8 in Conjurations
  5620 | D:7      | Reached XP level 9. HP: 28/45 MP: 4/21
  5705 | D:7      | Acquired Vehumet's first power
  5705 | D:7      | Offered knowledge of Sandblast by Vehumet.
  5908 | D:7      | Noticed Joseph
  5932 | D:7      | Killed Joseph
  5975 | D:7      | Noticed a spriggan baker
  5986 | D:7      | Killed a spriggan baker
  5986 | D:7      | Reached skill level 9 in Conjurations
  5986 | D:7      | Reached skill level 5 in Fire Magic
  5986 | D:7      | Reached skill level 5 in Air Magic
  6479 | D:8      | Reached skill level 10 in Conjurations
  6703 | D:8      | Found an iron altar of Okawaru.
  6776 | D:8      | Found a shimmering altar of Xom.
  6806 | D:8      | Slain by a slime creature

Vault maps used:
D:1:      ncdulo_watergridlock, lemuel_old_faithful
D:2:      first_bread, uniq_iyjb
D:3:      lemuel_upstairs_altar, serial_co_window_serial,
          co_window_of_opportunity_a, co_window_of_opportunity_a,
          co_window_paths_a, co_window_of_opportunity_a,
          co_window_of_opportunity_a, co_window_corner_b, co_window_paths_c,
          co_window_unsneaky_path_c, co_window_unsneaky_path_b,
          co_window_broadway_c, co_window_unsneaky_path_a, co_window_paths_e,
          glass_columns_b, glass_columns_b, glass_columns_a
D:4:      nicolae_gozag_seed_capital, minivault_19, serial_bayou_crossing
D:6:      nicolae_overflow_hidden_temple
D:7:      minmay_temple_entry_hall, the_bakery, fedhas_altar_decomposition,
          uniq_joseph
D:8:      minmay_diamond_stairs, lemuel_doored_altar, okawaru_humans,
          dpeg_oklobed_lair, xom_confusion_cloud, uniq_pikel
Temple:   circular_temple_pool_12

Action                   |  1- 3 |  4- 6 |  7- 9 || total
-------------------------+-------+-------+-------++-------
Melee: Unarmed           |     3 |     2 |       ||     5
       Long sword        |       |       |     3 ||     3
       Halberd           |       |       |   155 ||   155
 Cast: Magic Dart        |    87 |   158 |   326 ||   571
       Mephitic Cloud    |       |     2 |    14 ||    16
       Conjure Flame     |       |     6 |    12 ||    18
       Blink             |       |     1 |    15 ||    16
       Repel Missiles    |       |       |     2 ||     2
Evoke: Wand              |       |       |     5 ||     5
  Use: Potion            |     1 |       |     1 ||     2
       Scroll            |       |       |     7 ||     7
 Stab: Confused          |       |       |     1 ||     1
  Eat: Chunk             |       |     7 |    11 ||    18
       Fruit             |       |       |     1 ||     1
